 Dungeon Crawl Stone Soup version 0.27.1-33-g824d729ab1 (webtiles) character file.

Game seed: 8591655729282560735

301 eliilek the Shield-Bearer (level 6, -1/55 HPs)
             Began as a Minotaur Fighter on Dec 20, 2021.
             Was a Follower of Trog.
             Slain by a mummy (16 damage)
             ... in an ossuary.
             The game lasted 00:09:36 (3415 turns).

eliilek the Shield-Bearer (Minotaur Fighter)        Turns: 3415, Time: 00:09:37

Health: -1/55      AC:  9    Str: 20    XL:     6   Next: 14%
Magic:  5/5        EV:  5    Int:  5    God:    Trog [*.....]
Gold:   125        SH: 10    Dex: 12    Spells: 5/5 levels left

rFire    . . .     SeeInvis .   a - +2 whip (venom)
rCold    . . .     Faith    .   c - +0 kite shield
rNeg     . . .     Spirit   .   l - +0 chain mail
rPois    .         Reflect  .   (helmet restricted)
rElec    .         Harm     .   (no cloak)
rCorr    .         Rampage  .   (no gloves)
Will     +....                  (no boots)
Stlth    ..........             (no amulet)
HPRegen  0.18/turn              d - ring of willpower
MPRegen  0.09/turn              (no ring)

@: no status effects
A: horns 2, retaliatory headbutt
a: Renounce Religion, Berserk


You were in an ossuary.
You worshipped Trog.
Trog was aware of your devotion.
You visited 1 branch of the dungeon, and saw 4 of its levels.
You also visited: Ossuary.

You collected 125 gold pieces.

Inventory:

Hand Weapons
 a - a +2 whip of venom (weapon)
 b - a +0 hunting sling
Missiles
 p - 49 stones
Armour
 c - a +0 kite shield (worn)
 l - a +0 chain mail (worn)
Jewellery
 d - a ring of willpower (left hand)
Scrolls
 f - a scroll of teleportation {unknown}
 i - a scroll of enchant armour {unknown}
 j - a scroll of identify {unknown}
 m - a scroll of noise {unknown}
 o - a scroll of fog {unknown}
Potions
 g - a potion of heal wounds {unknown}
 h - a potion of mutation {unknown}
 k - 3 potions of curing


   Skills:
 + Level 4.8 Fighting
 * Level 4.9 Maces & Flails
 + Level 4.6 Armour
 * Level 5.6 Shields


You had 5 spell levels left.
You didn't know any spells.
Your spell library contained the following spells:

 Spells                   Type           Power      Damage    Failure   Level
 Sting                    Tmut/Pois      0%         1d3       100%        1
 Poisonous Vapours        Pois/Air       0%         N/A       100%        2
 Searing Ray              Conj           0%         3d3       100%        2
 Ignite Poison            Fire/Tmut/Pois 0%         N/A       100%        3
 Olgreb's Toxic Radiance  Pois           0%         N/A       100%        4
 Lightning Bolt           Conj/Air       0%         1d11      100%        5
 Statue Form              Tmut/Erth      0%         N/A       100%        6


Dungeon Overview and Level Annotations

Branches:
Dungeon (4/15)            Ossuary (1/1)
 Temple: D:4-7

Altars:
Fedhas
Trog


Innate Abilities, Weirdness & Mutations

You have a pair of horns on your head.
You reflexively headbutt those who attack you in melee.


Message History

The stone hits the mummy but does no damage.
Fire: 51 stones
Press: ? - help, Q - select action Shift-Dir - straight line, f/p - kobold zombie
Aim: a kobold zombie (heavily damaged, 70% to hit)
You shoot a stone.
The stone barely misses the kobold zombie.
The stone barely misses the mummy.
Fire: 50 stones
Press: ? - help, Q - select action Shift-Dir - straight line, f/p - kobold zombie
Aim: a kobold zombie (heavily damaged, 70% to hit)
You shoot a stone.
The stone barely misses the kobold zombie.
The stone hits the mummy.
The mummy is moderately damaged.
Fire: 49 stones
Press: ? - help, Q - select action Shift-Dir - straight line, f/p - kobold zombie
Aim: a kobold zombie (heavily damaged, 70% to hit)
Okay, then.
Your +2 whip of venom begins to drip with poison!
a - a +2 whip of venom (weapon)
You whack the kobold zombie!
You destroy the kobold zombie!
Trog accepts your kill.
It was a potion of curing.
You feel better.
You hit the mummy. Your headbutt misses the mummy.
The mummy is moderately damaged.
The mummy hits you! x2
* * * LOW HITPOINT WARNING * * *
Your chain mail prevents you from hitting the mummy.
The mummy is moderately damaged.
You hit the mummy but do no damage.
The mummy is moderately damaged.
You block the mummy's attack. The mummy barely misses you.
You whack the mummy!
The mummy is severely damaged.
You whack the mummy!
You destroy the mummy!
Trog accepts your kill. The mummy hits you!
You die...

#(...#
#(((.#
#..(.#
#.(..#
#....#
#....#
#....#
#..M.#
#.@∩.#
######


You could see a mummy.

Vanquished Creatures
  A phantom (D:4)
  A jelly (D:4)
  An orc wizard (D:3)
  Robin (D:4)
  3 mummies (Ossuary)
  2 adders
  4 worms
  A dart slug (D:4)
  5 orcs
  4 ball pythons
  9 endoplasms
  A giant cockroach (D:2)
  19 goblins
  7 hobgoblins
  4 jackals (D:1)
  7 kobolds
  3 quokkas
  4 bats
  4 frilled lizards
  3 hobgoblin zombies (Ossuary)
  4 kobold zombies (Ossuary)
  An orc zombie (Ossuary)
  7 rats
96 creatures vanquished.

Notes
Turn   | Place    | Note
-------+----------+-------------------------------------------
     0 | D:1      | eliilek the Minotaur Fighter began the quest for the Orb.
     0 | D:1      | Reached XP level 1. HP: 19/19 MP: 0/0
   167 | D:1      | Reached XP level 2. HP: 27/27 MP: 1/1
   191 | D:1      | Reached skill level 4 in Shields
   553 | D:1      | Reached XP level 3. HP: 33/33 MP: 2/2
  1005 | D:2      | Got Zierghitt's Almanac of Shifting Arcane Weapons
  1651 | D:3      | Reached XP level 4. HP: 36/40 MP: 3/3
  1712 | D:3      | Noticed a moth of wrath
  1714 | D:3      | Found a bloodstained altar of Trog.
  1736 | D:3      | Became a worshipper of Trog the Wrathful
  1895 | D:3      | Found a blossoming altar of Fedhas.
  2898 | D:4      | Noticed Robin
  2911 | D:4      | Killed Robin
  2912 | D:4      | Reached XP level 5. HP: 34/47 MP: 4/4
  2916 | D:4      | Reached skill level 5 in Shields
  3160 | D:4      | Noticed a phantom
  3176 | D:4      | Killed a phantom
  3250 | D:4      | Reached * piety under Trog
  3251 | D:4      | Reached XP level 6. HP: 50/53 MP: 5/5
  3346 | D:4      | Found a sand-covered staircase.
  3351 | Ossuary  | Entered an ossuary
  3415 | Ossuary  | Slain by a mummy

Illustrated notes

Levels and vault maps discovered:
D:1:      enne_arrival_octagon_isle, layout_basic, minmay_vboxes
D:2:      wander_river, layout_basic, serial_forest, infiniplex_forest_zigzag_1,
          infiniplex_forest_lined_corner, infiniplex_forest_end_1,
          infiniplex_forest_end_3, infiniplex_forest_lined_3,
          infiniplex_forest_lined_2, infiniplex_forest_clump_diagonal,
          infiniplex_forest_end_1, infiniplex_forest_lined_corner
D:3:      layout_loops_corners, tgw_trog, fedhas_ov_isle_minmay,
          roderic_lattice_a
D:4:      layout_basic, ashenzari_altar_1, nzn_hepliaklqana_mist_gate,
          serial_shops, shop, enter_ossuary_5, kennysheep_nub, uniq_robin
Ossuary:  ossuary_tomb_3

Skill      XL: |  1  2  3  4  5 |
---------------+----------------+-----
Shields        | 4 5 |  5.6
Maces & Flails | 3 4 |  4.9
Fighting       | 4 |  4.8
Armour         | 4 |  4.6

Action                   |  1- 3 |  4- 6 || total
-------------------------+-------+-------++-------
Melee: Whip              |    71 |   103 ||   174
       Headbutt          |    11 |    20 ||    31
 Fire: Hunting sling     |    61 |    31 ||    92
  Use: Potion            |       |     2 ||     2
Armor: Scale mail        |    19 |       ||    19
       Chain mail        |    10 |    55 ||    65
Dodge: Dodged            |    13 |    20 ||    33
Block: Kite shield       |    38 |    55 ||    93
